3L
PITTSBURGH KINGFISHERS @ OAKLAND OAKS
05/09/2042
 
TOP OF THE 1ST
Pittsburgh Kingfishers batting - Pitching for Oakland Oaks : RHP Fernando Varela
Pitching: RHP Fernando Varela
Batting: RHB Krystof Melichar 0-0: Called Strike
0-1: Ball
1-1: Ground out 6-3 (Groundball, 6S, EV 83.1 MPH)
Batting: SHB Yeow-whye Zhu 0-0: Fly out, F9 (Flyball, 89D, EV 101.9 MPH)
Batting: LHB Danny Trautmann 0-0: Swinging Strike
0-1: Foul Ball, location: 2F
0-2: Fly out, F7 (Flyball, 7S, EV 94.4 MPH)
Top of the 1st over - 0 runs, 0 hits, 0 errors, 0 left on base; Pittsburgh 0 - Oakland 0
BOTTOM OF THE 1ST
Oakland Oaks batting - Pitching for Pittsburgh Kingfishers : RHP Jared LaBarge
Pitching: RHP Jared LaBarge
Batting: RHB Sebastian Franke 0-0: Called Strike
0-1: Foul Ball, location: 2F
0-2: Ball
1-2: Ball
2-2: Foul Ball, location: 2F
2-2: Strikes out swinging
Batting: RHB John Mast 0-0: Ball
1-0: Ball
2-0: Foul Ball, location: 2F
2-1: Ball
3-1: Base on Balls
Batting: LHB Conor Gotaas 0-0: Called Strike
0-1: SINGLE (Flyball, 7LM, EV 88.8 MPH)
John Mast to second
Batting: LHB Phillip White 0-0: Ball
1-0: Called Strike
1-1: Hit by Pitch
John Mast to third
Conor Gotaas to second
Batting: LHB Norbert Ingalsbe 0-0: Foul Ball, location: 2F
0-1: Called Strike
0-2: Ball
1-2: Strikes out swinging
Batting: SHB Doug Watson 0-0: Ball
1-0: Ball
2-0: Called Strike
2-1: Called Strike
2-2: Foul Ball, location: 2F
2-2: Strikes out looking
Bottom of the 1st over - 0 runs, 1 hit, 0 errors, 3 left on base; Pittsburgh 0 - Oakland 0
TOP OF THE 2ND
Pittsburgh Kingfishers batting - Pitching for Oakland Oaks : RHP Fernando Varela
Batting: RHB Kjartan Einarsson 0-0: Swinging Strike
0-1: Ball
1-1: Ball
2-1: SINGLE (Flyball, 7S, EV 86.2 MPH)
Batting: LHB Royce Foster 0-0: Ball
1-0: Called Strike
1-1: Called Strike
Kjartan Einarsson steals 2nd base (no throw)
1-2: Foul Ball, location: 2F
1-2: Ground out 5-3 (Groundball, 56S, EV 91.9 MPH)
Batting: LHB Rafael Abasto 0-0: Ball
1-0: Ground out 4-3 (Groundball, 34, EV 86.9 MPH)
Kjartan Einarsson to third
Batting: RHB Junior Young 0-0: Ball
1-0: Called Strike
1-1: Swinging Strike
1-2: Ball
2-2: Ground out 4-3 (Groundball, 4, EV 93.1 MPH)
Top of the 2nd over - 0 runs, 1 hit, 0 errors, 1 left on base; Pittsburgh 0 - Oakland 0
BOTTOM OF THE 2ND
Oakland Oaks batting - Pitching for Pittsburgh Kingfishers : RHP Jared LaBarge
Batting: LHB Michael Witt 0-0: Called Strike
0-1: Ball
1-1: Ball
2-1: Swinging Strike
2-2: Ball
3-2: Foul Ball, location: 2F
3-2: Base on Balls
Batting: RHB Tony Hernández 0-0: Ball
1-0: Swinging Strike
1-1: Ball
2-1: Called Strike
2-2: Strikes out swinging
Batting: RHB Tak-wai Jia 0-0: Ball
1-0: Ball
2-0: Grounds into double play, 6-4-3 (Groundball, 56, EV 98.8 MPH)
Bottom of the 2nd over - 0 runs, 0 hits, 0 errors, 0 left on base; Pittsburgh 0 - Oakland 0
TOP OF THE 3RD
Pittsburgh Kingfishers batting - Pitching for Oakland Oaks : RHP Fernando Varela
Batting: LHB Naganori Inoue 0-0: Called Strike
0-1: Fly out, F7 (Flyball, 78M, EV 92.5 MPH)
Batting: RHB Loring Rommel 0-0: Foul Ball, location: 2F
0-1: Ball
1-1: Ground out 6-3 (Groundball, 6S, EV 73.1 MPH)
Batting: RHB Krystof Melichar 0-0: Swinging Strike
0-1: Ball
1-1: Ball
2-1: Hit by Pitch
Batting: SHB Yeow-whye Zhu 0-0: Called Strike
0-1: Fly out, F5 (Popup, 25F, EV 86.2 MPH)
Top of the 3rd over - 0 runs, 0 hits, 0 errors, 1 left on base; Pittsburgh 0 - Oakland 0
BOTTOM OF THE 3RD
Oakland Oaks batting - Pitching for Pittsburgh Kingfishers : RHP Jared LaBarge
Batting: RHB Sebastian Franke 0-0: Called Strike
0-1: Foul Ball, location: 2F
0-2: Strikes out swinging
Batting: RHB John Mast 0-0: Called Strike
0-1: Called Strike
0-2: Ball
1-2: Ball
2-2: Foul Ball, location: 2F
2-2: DOUBLE (Flyball, 8RXD, EV 99.4 MPH)
Batting: LHB Conor Gotaas 0-0: Ball
1-0: Foul Ball, location: 2F
1-1: Ball
2-1: Fly out, F6 (Popup, 6S, EV 64.4 MPH)
Batting: LHB Phillip White 0-0: Ball
1-0: Ball
2-0: Ground out 6-3 (Groundball, 6S, EV 81.9 MPH)
Bottom of the 3rd over - 0 runs, 1 hit, 0 errors, 1 left on base; Pittsburgh 0 - Oakland 0
TOP OF THE 4TH
Pittsburgh Kingfishers batting - Pitching for Oakland Oaks : RHP Fernando Varela
Batting: LHB Danny Trautmann 0-0: DOUBLE (Line Drive, 5D, EV 100.6 MPH)
Batting: RHB Kjartan Einarsson 0-0: Called Strike
0-1: Called Strike
0-2: Ball
Wild Pitch!
Danny Trautmann to third
1-2: Ground out 1-3 (Groundball, 13S, EV 68.1 MPH)
Batting: LHB Royce Foster 0-0: Foul Ball, location: 2F
0-1: Ball
1-1: Ball
2-1: Ball
3-1: Fly out, F7 (Flyball, 7S, EV 74.4 MPH)
Batting: LHB Rafael Abasto 0-0: Called Strike
0-1: Swinging Strike
0-2: Ball
1-2: Ball
2-2: Foul Ball, location: 2F
2-2: Foul Ball, location: 2F
2-2: Ball
3-2: Base on Balls
Batting: RHB Junior Young 0-0: Called Strike
0-1: Called Strike
0-2: Ball
1-2: Ball
2-2: Ball
3-2: Strikes out swinging
Top of the 4th over - 0 runs, 1 hit, 0 errors, 2 left on base; Pittsburgh 0 - Oakland 0
BOTTOM OF THE 4TH
Oakland Oaks batting - Pitching for Pittsburgh Kingfishers : RHP Jared LaBarge
Batting: LHB Norbert Ingalsbe 0-0: Called Strike
0-1: Fly out, F7 (Flyball, 7LM, EV 108.8 MPH)
Batting: SHB Doug Watson 0-0: Called Strike
0-1: SINGLE (Groundball, 4MS, EV 68.1 MPH) (infield hit)
Batting: LHB Michael Witt 0-0: Called Strike
0-1: Swinging Strike
0-2: Strikes out looking
Batting: RHB Tony Hernández 0-0: Foul Ball, location: 2F
0-1: Ball
1-1: Fielders Choice at 2nd, 5-4 (Groundball, 5, EV 77.5 MPH)
Bottom of the 4th over - 0 runs, 1 hit, 0 errors, 1 left on base; Pittsburgh 0 - Oakland 0
TOP OF THE 5TH
Pittsburgh Kingfishers batting - Pitching for Oakland Oaks : RHP Fernando Varela
Batting: LHB Naganori Inoue 0-0: Called Strike
0-1: Bunt for hit to 15 - play at first, batter OUT! 1-3
Batting: RHB Loring Rommel 0-0: Ground out 6-3 (Groundball, 6, EV 90.6 MPH)
Batting: RHB Krystof Melichar 0-0: Foul Ball, location: 2F
0-1: Ball
1-1: Foul Ball, location: 2F
1-2: Strikes out swinging
Top of the 5th over - 0 runs, 0 hits, 0 errors, 0 left on base; Pittsburgh 0 - Oakland 0
BOTTOM OF THE 5TH
Oakland Oaks batting - Pitching for Pittsburgh Kingfishers : RHP Jared LaBarge
Batting: RHB Tak-wai Jia 0-0: Ball
1-0: Ball
2-0: Ball
3-0: Base on Balls
Batting: RHB Sebastian Franke 0-0: Called Strike
0-1: Ball
1-1: Grounds into double play, 6-4-3 (Groundball, 6, EV 108.1 MPH)
Batting: RHB John Mast 0-0: Foul Ball, location: 2F
0-1: Ball
1-1: Called Strike
1-2: Foul Ball, location: 2F
1-2: Ball
2-2: Ball
3-2: Base on Balls
Batting: LHB Conor Gotaas 0-0: Called Strike
0-1: Swinging Strike
0-2: Ball
1-2: SINGLE (Groundball, 15, EV 61.9 MPH) (infield hit)
John Mast to second
Batting: LHB Phillip White 0-0: Ball
1-0: Foul Ball, location: 2F
1-1: Called Strike
1-2: Foul Ball, location: 2F
1-2: Foul Ball, location: 2F
1-2: Ball
2-2: DOUBLE (Line Drive, 89D, EV 109.4 MPH)
John Mast scores
Conor Gotaas to third
Runner from 3rd tries for Home, throw by RF and OUT! 9-4-2
Bottom of the 5th over - 1 run, 2 hits, 0 errors, 1 left on base; Pittsburgh 0 - Oakland 1
TOP OF THE 6TH
Pittsburgh Kingfishers batting - Pitching for Oakland Oaks : RHP Fernando Varela
Batting: SHB Yeow-whye Zhu 0-0: Foul Ball, location: 2F
0-1: Fly out, F9 (Flyball, 9S, EV 81.9 MPH)
Batting: LHB Danny Trautmann 0-0: Called Strike
0-1: Ball
1-1: Ball
2-1: Fly out, F8 (Flyball, 8RXD, EV 81.9 MPH)
Batting: RHB Kjartan Einarsson 0-0: Called Strike
0-1: Ball
1-1: Ground out 1-3 (Groundball, 34S, EV 63.8 MPH)
Top of the 6th over - 0 runs, 0 hits, 0 errors, 0 left on base; Pittsburgh 0 - Oakland 1
BOTTOM OF THE 6TH
Oakland Oaks batting - Pitching for Pittsburgh Kingfishers : RHP Jared LaBarge
Pitching: RHP José Ledezma
Batting: LHB Norbert Ingalsbe 0-0: Foul Ball, location: 2F
0-1: Foul Ball, location: 2F
0-2: Ball
1-2: SINGLE (Groundball, 6MD, EV 96.2 MPH)
Batting: SHB Doug Watson 0-0: Bunt missed!
0-1: Ball
1-1: Sac Bunt to P - play at first, batter OUT! 1-4
Norbert Ingalsbe to second
Batting: LHB Michael Witt 0-0: Intentional Walk
Batting: RHB Tony Hernández 0-0: 3-RUN HOME RUN (Flyball, 7D, EV 97.5 MPH), Distance : 397 ft
Pitching: RHP Edmond McCord
Batting: RHB Tak-wai Jia 0-0: Ball
1-0: Foul Ball, location: 2F
1-1: Foul Ball, location: 2F
1-2: Foul Ball, location: 2F
1-2: Ball
2-2: Strikes out swinging
Batting: RHB Sebastian Franke 0-0: Called Strike
0-1: Swinging Strike
0-2: Ball
1-2: Strikes out swinging
Bottom of the 6th over - 3 runs, 2 hits, 0 errors, 0 left on base; Pittsburgh 0 - Oakland 4
TOP OF THE 7TH
Pittsburgh Kingfishers batting - Pitching for Oakland Oaks : RHP Fernando Varela
Batting: LHB Royce Foster 0-0: Ball
1-0: Ball
2-0: Fly out, F7 (Flyball, 78M, EV 86.9 MPH)
Batting: LHB Rafael Abasto 0-0: Ball
1-0: Swinging Strike
1-1: Called Strike
1-2: Ball
2-2: Strikes out swinging
Batting: RHB Junior Young 0-0: Ball
1-0: Foul Ball, location: 2F
1-1: Ball
2-1: Called Strike
2-2: Ball
3-2: Reached on error, E5 (Groundball, 56, EV 85.0 MPH)
Batting: LHB Naganori Inoue 0-0: Ball
1-0: Ball
2-0: Ball
3-0: Called Strike
3-1: Base on Balls
Batting: RHB Loring Rommel 0-0: SINGLE (Line Drive, 4MD, EV 97.5 MPH)
Junior Young to third
Naganori Inoue to second
Batting: RHB Krystof Melichar 0-0: Ball
1-0: Called Strike
1-1: Called Strike
1-2: Fly out, F9 (Flyball, 9, EV 81.2 MPH)
Top of the 7th over - 0 runs, 1 hit, 1 error, 3 left on base; Pittsburgh 0 - Oakland 4
BOTTOM OF THE 7TH
Oakland Oaks batting - Pitching for Pittsburgh Kingfishers : RHP Edmond McCord
Batting: RHB John Mast 0-0: Foul Ball, location: 2F
0-1: Ball
1-1: Ball
2-1: Swinging Strike
2-2: Strikes out swinging
Batting: LHB Conor Gotaas 0-0: Ball
1-0: Fly out, F5 (Popup, 5SF, EV 64.4 MPH)
Batting: LHB Phillip White 0-0: Foul Ball, location: 2F
0-1: Called Strike
0-2: Ball
1-2: Ball
2-2: Strikes out swinging
Bottom of the 7th over - 0 runs, 0 hits, 0 errors, 0 left on base; Pittsburgh 0 - Oakland 4
TOP OF THE 8TH
Pittsburgh Kingfishers batting - Pitching for Oakland Oaks : RHP Fernando Varela
Batting: SHB Yeow-whye Zhu 0-0: Called Strike
0-1: Ball
1-1: Ball
2-1: Foul Ball, location: 2F
2-2: Ground out U3 (Groundball, 34, EV 107.5 MPH)
Pitching: RHP Broderick Langmead
Batting: LHB Danny Trautmann 0-0: Ball
1-0: Called Strike
1-1: Ball
2-1: Foul Ball, location: 2F
2-2: Strikes out looking
Batting: RHB Kjartan Einarsson 0-0: Ball
1-0: Ball
2-0: Ball
3-0: Base on Balls
Batting: LHB Royce Foster 0-0: Ball
1-0: Called Strike
1-1: Called Strike
1-2: Ball
2-2: Strikes out looking
Top of the 8th over - 0 runs, 0 hits, 0 errors, 1 left on base; Pittsburgh 0 - Oakland 4
BOTTOM OF THE 8TH
Oakland Oaks batting - Pitching for Pittsburgh Kingfishers : RHP Edmond McCord
Batting: LHB Norbert Ingalsbe 0-0: Swinging Strike
0-1: Fly out, F6 (Line Drive, 6, EV 68.8 MPH)
Batting: SHB Doug Watson 0-0: Called Strike
0-1: Swinging Strike
0-2: Ball
1-2: Strikes out swinging
Batting: LHB Michael Witt 0-0: Foul Ball, location: 2F
0-1: Foul Ball, location: 2F
0-2: Ground out 6-3 (Groundball, 56D, EV 99.4 MPH)
Bottom of the 8th over - 0 runs, 0 hits, 0 errors, 0 left on base; Pittsburgh 0 - Oakland 4
TOP OF THE 9TH
Pittsburgh Kingfishers batting - Pitching for Oakland Oaks : RHP Broderick Langmead
Batting: LHB Rafael Abasto 0-0: Ball
1-0: Called Strike
1-1: Ball
2-1: Foul Ball, location: 2F
2-2: Foul Ball, location: 2F
2-2: Ball
3-2: Base on Balls
Batting: RHB Junior Young 0-0: Swinging Strike
0-1: Fly out, F8 (Line Drive, 8LM, EV 96.2 MPH)
Batting: LHB Naganori Inoue 0-0: Swinging Strike
0-1: Called Strike
0-2: Hit by Pitch
Rafael Abasto to second
Batting: RHB Loring Rommel 0-0: Ball
1-0: Ground out 6-3 (Groundball, 6MD, EV 93.8 MPH)
Rafael Abasto to third
Naganori Inoue to second
Batting: RHB Krystof Melichar 0-0: Ball
1-0: Foul Ball, location: 2F
1-1: Ball
2-1: Swinging Strike
2-2: Ball
3-2: Foul Ball, location: 2F
3-2: Base on Balls
Pitching: RHP Leen van den Bosch
Batting: SHB Yeow-whye Zhu 0-0: Called Strike
0-1: Foul Ball, location: 2F
0-2: Ball
1-2: Strikes out swinging
Top of the 9th over - 0 runs, 0 hits, 0 errors, 3 left on base; Pittsburgh 0 - Oakland 4
Friday, March 26th, 2021 - OOTP Baseball 20.8 Build 74